 Dungeon Crawl Stone Soup version 0.27-a0-1290-g15d3ce7508 (webtiles) character file.

Game seed: 14633845161221506523

137 Johnny the Digger (level 5, -3/31 HPs)
             Began as a Deep Elf Earth Elementalist on June 15, 2021.
             Slain by Ijyb (5 damage)
             ... on level 3 of the Dungeon.
             The game lasted 00:02:02 (2647 turns).

Johnny the Digger (Deep Elf Earth Elementalist)     Turns: 2647, Time: 00:02:02

Health: -3/31      AC:  3    Str:  5    XL:     5   Next: 0%
Magic:  3/13       EV: 12    Int: 21    God:
Gold:   70         SH:  0    Dex: 15    Spells: 11/12 levels left

rFire    . . .     SeeInvis .   d - +3 quarterstaff
rCold    . . .     Faith    .   (shield currently unavailable)
rNeg     . . .     Spirit   .   c - +0 robe
rPois    .         Reflect  .   h - +1 hat
rElec    .         Harm     .   (no cloak)
rCorr    .         Rampage  .   (no gloves)
Will     .....                  (no boots)
Stlth    ++........             (no amulet)
HPRegen  0.10/turn              (no ring)
MPRegen  0.13/turn              (no ring)

@: flying
A: antennae 1, claws 1
a: no special abilities


You were on level 3 of the Dungeon.
You visited 1 branch of the dungeon, and saw 3 of its levels.

You collected 70 gold pieces.

Inventory:

Hand Weapons
 a - a +0 dagger
 d - a +3 quarterstaff (weapon)
Missiles
 b - 52 stones
Armour
 c - a +0 robe (worn)
 h - a +1 hat (worn)
Scrolls
 i - a scroll of teleportation {unknown}
 k - a scroll of identify {unknown}
 m - a scroll of enchant armour {unknown}
 n - 2 scrolls of noise
Potions
 e - a potion of invisibility
 f - a potion of cancellation
 j - a potion of haste {unknown}


   Skills:
 * Level 2.6 Fighting
 - Level 2.4 Dodging
 - Level 2.4 Stealth
 + Level 4.2 Spellcasting
 - Level 1.1 Transmutations
 + Level 4.2 Earth Magic


You had 11 spell levels left.
You knew the following spells:

 Your Spells              Type           Power      Damage    Failure   Level
a - Sandblast             Erth           44%        2d11      1%          1

Your spell library contained the following spells:

 Spells                   Type           Power      Damage    Failure   Level
 Passwall                 Tmut/Erth      12%        N/A       6%          2
 Magic Dart               Conj           16%        1d3       12%         1
 Stone Arrow              Conj/Erth      26%        3d8       14%         3
 Searing Ray              Conj           8%         3d3       19%         2
 Dazzling Flash           Conj/Hex       8%         N/A       34%         3
 Petrify                  Tmut/Erth      15%        N/A       36%         4
 Lee's Rapid Deconstruct  Erth           11%        3d9*      50%         5
 Fulminant Prism          Conj/Hex       2%         3d6       75%         4
 Iskenderun's Mystic Bla  Conj/Tloc      4%         2d3       75%         4


Dungeon Overview and Level Annotations

Branches:
Dungeon (3/15)

Altars:

Annotations:
D:3 2 transporters, Gaff's ghost, amateur DsAK; Ijyb


Innate Abilities, Weirdness & Mutations

You have a pair of small antennae on your head.
You have sharp fingernails.


Message History

Aiming: Sandblast (safe; 1% risk of failure)
Press: ? - help, Shift-Dir - straight line, f/p - Ijyb
Aim: Ijyb, wielding a +0 club, wearing a +0 scale mail and carrying a wand of iceblast (13) (moderately wounded, 78% to hit)
The blast of sand misses Ijyb.
The blast of sand hits the rat.
You kill the rat!
Ijyb misses you.
Unknown command.
Okay, then.
Okay, then.
As you read the scroll labelled VEDIAWK JEIR, it crumbles to dust.
You hear a loud clanging noise!
It was a scroll of noise.
You hear an angry hiss.
Ijyb hits you with a +0 club.
Okay, then.
It was a potion of invisibility.
You fade into invisibility!
Ijyb hits you with a +0 club.
You are very lightly contaminated with residual magic.
Okay, then.
You barely miss Ijyb.
Ijyb is moderately wounded.
Ijyb hits you with a +0 club.
* * * LOW HITPOINT WARNING * * *
Ijyb hits you with a +0 club.
* * * LOW HITPOINT WARNING * * *
It was a potion of cancellation.
Your magical effects are unravelling.
You feel magically purged.
Your magical contamination has completely faded away.
You flicker back into view.
Ijyb barely misses you.
It was a potion of flight.
You feel very buoyant.
You fly up into the air.
Ijyb hits you with a +0 club.
* * * LOW HITPOINT WARNING * * *
It was a potion of mutation.
You feel extremely strange. A pair of antennae grows on your head!
Your fingernails lengthen.
Ijyb hits you with a +0 club.
You die...

##.#.... ...#..# #..#.#
.#.#..# . #..#.#
.#.#..##..Z##..#.#
...#.....©.....#.##
.#.#..##...##..#...
.#.#..#8...8#..#†#
.#.#..##...##.Z#g# #
.#.#..........W#@# #.#
.#.#....(5....©#.#...#..
...#############........
.#.......©..............
.†##.#.....#######.#...#
>.+.....................
..##.#...#########.#...#
.###.##.## ##.## ##
#.#### ##


You could see Ijyb, Gaff's ghost, a shadow imp, a water moccasin skeleton
(wandering) and a wyvern skeleton.

Vanquished Creatures
  Natasha (twice) (D:3)
  3 adders
  An ufetubus (D:3)
  A worm (D:2)
  A dart slug (D:1)
  An orc (D:3)
  An endoplasm (D:1)
  4 giant cockroaches
  5 goblins
  4 hobgoblins
  8 kobolds
  2 quokkas
  3 ball pythons
  4 bats
  6 frilled lizards
  4 rats
50 creatures vanquished.

Notes
Turn   | Place    | Note
-------+----------+-------------------------------------------
     0 | D:1      | Johnny the Deep Elf Earth Elementalist began the quest for
                  | the Orb.
     0 | D:1      | Reached XP level 1. HP: 10/10 MP: 6/6
   455 | D:1      | Reached XP level 2. HP: 12/16 MP: 4/8
   532 | D:1      | Reached skill level 1 in Fighting
  1322 | D:2      | Reached XP level 3. HP: 20/20 MP: 8/10
  2037 | D:3      | Found a faded altar of an unknown god.
  2148 | D:3      | Noticed Natasha
  2152 | D:3      | Killed Natasha
  2153 | D:3      | Reached XP level 4. HP: 26/26 MP: 9/11
  2300 | D:3      | Noticed Natasha
  2304 | D:3      | Killed Natasha
  2573 | D:3      | Found a transporter.
  2573 | D:3      | Noticed Gaff's ghost (amateur DsAK)
  2597 | D:3      | Reached XP level 5. HP: 30/31 MP: 13/13
  2613 | D:3      | Found a transporter.
  2621 | D:3      | Noticed Ijyb
  2647 | D:3      | Gained mutation: You have a pair of small antennae on your
                  | head. [potion of mutation]
  2647 | D:3      | Gained mutation: You have sharp fingernails. [potion of
                  | mutation]
  2647 | D:3      | Slain by Ijyb

Illustrated notes

Levels and vault maps discovered:
D:1:      dpeg_arrival_ternary, layout_basic
D:2:      layout_loops_ring
D:3:      layout_loops_corners, gammafunk_ghost_mausoleum,
          hellmonk_ecumenical_altar_leap_of_faith, uniq_crazy_yiuf_cottage,
          uniq_ijyb, uniq_natasha

Skill      XL: |  1  2  3  4 |
---------------+-------------+-----
Fighting       | 1 2 |  2.6
Earth Magic    | 4 |  4.2
Spellcasting   | 4 |  4.2
Dodging        | |  2.4
Stealth        | |  2.4
Transmutations | |  1.1

Action                   |  1- 3 |  4- 6 || total
-------------------------+-------+-------++-------
Melee: Dagger            |    13 |       ||    13
       Unarmed           |     2 |       ||     2
       Quarterstaff      |    44 |    12 ||    56
 Cast: Sandblast         |    24 |    20 ||    44
  Use: Potion            |       |     4 ||     4
       Scroll            |       |     1 ||     1
 Stab: Sleeping          |     7 |     1 ||     8
       Distracted        |     1 |       ||     1
Armor: Robe              |    15 |     3 ||    18
Dodge: Dodged            |    48 |    28 ||    76

Table legend: (Time is in decaauts)
 A = Elapsed time spent in this place.
 B = Non-inter-level travel time spent in this place.
 C = Inter-level travel time spent in this place.
 D = Time resting spent in this place.
 E = Time spent auto-exploring this place.
 F = Levels seen in this place.
 G = Mean time per level.
                   A        B        C        D        E       F      G
               +--------+--------+--------+--------+--------+-----+--------+
         Total |   2662 |   2637 |     25 |    485 |   1804 |   3 |  887.3 |
       Dungeon |   2662 |   2637 |     25 |    485 |   1804 |   3 |  887.3 |
               +--------+--------+--------+--------+--------+-----+--------+

Top non-repeatable levels by time:
     D:1: 1189 daAuts
     D:2: 751 daAuts
     D:3: 720 daAuts
